 Dungeon Crawl Stone Soup version 0.31-a0-145-g046c7d2549 (webtiles) character file.

Game seed: 2808466098706060970

272 pokeman the Magician (level 6, 0/34 HPs)
             Began as a Deep Elf Hedge Wizard on June 4, 2023.
             Succumbed to a killer bee's poison
             ... on level 4 of the Dungeon.
             The game lasted 00:05:20 (3579 turns).

pokeman the Magician (Deep Elf Hedge Wizard)        Turns: 3579, Time: 00:05:21

Health: 0/34       AC:  4    Str:  7    XL:     6   Next: 2%
Magic:  8/16       EV: 13    Int: 18    God:
Gold:   146        SH:  0    Dex: 14    Spells: 10/18 levels left

rFire   . . .        i - +7 spear of Dickarei {spect, rElec rC+ Int-3}
rCold   + . .        (no shield)
rNeg    . . .        b - +0 robe
rPois   .            t - +0 helmet
rElec   +            r - scarf {repulsion}
rCorr   .            (no gloves)
SInv    .            f - +0 pair of boots
Will    .....        (no amulet)
Stlth   ++           (no ring)
HPRegen 0.25/turn    (no ring)
MPRegen 0.15/turn

%: repel missiles
@: lethally poisoned (0 -> -2), on blink cooldown
A: low MP 1, mutation resistance 1
a: no special abilities


You were on level 4 of the Dungeon.
You visited 1 branch of the dungeon, and saw 4 of its levels.

You collected 146 gold pieces.

Inventory:

Hand Weapons
 i - the +7 spear of Dickarei (weapon) {spect, rElec rC+ Int-3}
   (You found it on level 2 of the Dungeon)

   Int:       It affects your intelligence (-3).
   rC:        It protects you from cold.
   rElec:     It insulates you from electricity.
 q - a +3 quarterstaff of chaos
Armour
 b - a +0 robe (worn)
 f - a +0 pair of boots (worn)
 k - a scarf of invisibility
 p - the +1 cloak "Usasacs" {Harm rF+}
   (You found it on level 2 of the Dungeon)

   rF:        It protects you from fire.
   Harm:      It increases damage dealt and taken.
 r - a scarf of repulsion (worn)
 t - a +0 helmet (worn)
Scrolls
 e - 2 scrolls of identify {unknown}
 g - a scroll of enchant weapon {unknown}
 h - a scroll of blinking {unknown}
 l - 3 scrolls of teleportation {unknown}
 m - a scroll of fog {unknown}
 o - a scroll of magic mapping {unknown}
 s - a scroll of acquirement {unknown}
Potions
 a - a potion of mutation
 d - a potion of magic
 j - a potion of curing {unknown}
 n - 2 potions of attraction {unknown}


   Skills:
 + Level 1.2 Fighting
 - Level 1.0 Armour
 - Level 3.0 Dodging
 - Level 3.0 Stealth
 * Level 6.6 Spellcasting
 + Level 2.9 Conjurations
 + Level 1.2 Summonings
 - Level 1.1 Translocations
 - Level 1.0 Air Magic
 - Level 1.0 Poison Magic
 - Level 1.0 Evocations


You had 10 spell levels left.
You knew the following spells:

 Your Spells              Type           Power      Damage    Failure   Level
a - Magic Dart            Conj           64%        1d6       3%          1
b - Mephitic Cloud        Conj/Pois/Air  11%        N/A       17%         3
c - Call Imp              Summ           20%        N/A       10%         2
d - Blink                 Tloc           18%        N/A       11%         2

Your spell library contained the following spells:

 Spells                   Type           Power      Damage    Failure   Level
 Slow                     Hex            20%        N/A       12%         1
 Cigotuvi's Dreadful Rot  Necr/Pois/Air  16%        N/A       13%         2
 Irradiate                Conj/Tmut      5%         3d13      86%         5
 Blade Hands              Tmut           2%         N/A       97%         5
 Dragon Form              Tmut           2%         N/A       100%        7


Dungeon Overview and Level Annotations

Branches:
Dungeon (4/15)
 Temple: D:4-7

Altars:
Gozag

Annotations:
D:4 Grinder


Innate Abilities, Weirdness & Mutations

Your magical capacity is low. (-10% MP)
You are somewhat resistant to further mutation.


Message History

The stinking cloud engulfs the killer bee but does no damage. x2
The stinking cloud engulfs you but does no damage.
The killer bee is engulfed in noxious fumes.
The killer bee appears confused.
The killer bee misses the killer bee.
The killer bee stings itself.
The killer bee stings you.
The killer bee is engulfed in noxious fumes.
The killer bee appears confused.
The killer bee closely misses you.
The killer bee is engulfed in noxious fumes.
The killer bee appears confused.
The killer bee stings you!
* * * LOW HITPOINT WARNING * * *
You are poisoned.
The killer bee poisons you!
Unknown command.
Grinder comes into view.
You feel sick.
The killer bee is engulfed in noxious fumes.
The killer bee stings the killer bee.
The killer bee is engulfed in noxious fumes.
The killer bee appears confused.
Grinder blinks!
The killer bee is engulfed in noxious fumes.
The killer bee appears confused.
The killer bee stings you!
* * * LOW HITPOINT WARNING * * *
The killer bee is engulfed in noxious fumes.
The killer bee appears confused.
Unknown command.
It was a potion of mutation.
You feel extremely strange.
You feel less energetic.
You feel genetically stable.
* * * LOW HITPOINT WARNING * * *
You feel sick.
The killer bee is engulfed in noxious fumes.
The killer bee appears confused.
The killer bee barely misses the killer bee.
The killer bee is engulfed in noxious fumes.
The killer bee appears confused.
The killer bee closely misses you.
The killer bee is engulfed in noxious fumes.
The killer bee appears confused.
Casting: Mephitic Cloud (quite dangerous; 17% risk of failure)
Confirm with . or Enter, or press ? or * to list all spells.
You blink.
You die...

#.#.#.##.............
#.#.#.# #.y#.#.#...<
#.#.#.# #.○°..5....
#.#.#.# ###y#.#....
#.#.#.######y§....>..
#.#.#......##.#.#....
#.#......#+#.........
#.######....#.#.#####
#.# #.....@...# #.#
#....#.#.## #.#
#.#.#.....# #.#
#.#..#.#.## #.#
#.##....... #.#
#.####.#.#.# #.# #.#
##.#..# #.# #.# .# #
#.# #.#


You could see 2 killer bees.

Vanquished Creatures
  A bullfrog (D:3)
  A hound (D:4)
  Crazy Yiuf (D:3)
  A sleepcap (D:4)
  Robin (D:4)
  2 adders
  An ufetubus (D:4)
  An adder skeleton (D:3)
  An adder zombie (D:3)
  6 orcs (D:3)
  8 endoplasms
  3 giant cockroaches
  7 goblins
  7 hobgoblins
  4 jackals (D:3)
  8 kobolds
  2 quokkas
  7 ball pythons
  3 bats
  2 frilled lizards
  A quokka zombie (D:3)
  5 rats
73 creatures vanquished.

Notes
Turn   | Place    | Note
-------+----------+-------------------------------------------
     0 | D:1      | pokeman the Deep Elf Hedge Wizard began the quest for the
                  | Orb.
     0 | D:1      | Reached XP level 1. HP: 10/10 MP: 7/7
   451 | D:1      | Reached XP level 2. HP: 15/15 MP: 3/9
  1207 | D:2      | Reached skill level 5 in Spellcasting
  1382 | D:2      | Reached XP level 3. HP: 20/20 MP: 8/11
  1386 | D:2      | Learned a level 3 spell: Mephitic Cloud
  1389 | D:2      | Learned a level 2 spell: Call Imp
  1392 | D:2      | Learned a level 2 spell: Blink
  1673 | D:2      | Identified the +1 cloak "Usasacs" {Harm rF+}
  1839 | D:2      | Identified the +7 spear of Dickarei {spect, rElec rC+
                  | Int-3}
  1925 | D:3      | Reached skill level 1 in Fighting
  1925 | D:3      | Reached skill level 1 in Armour
  2032 | D:3      | Found an opulent altar of Gozag.
  2054 | D:3      | Noticed a bullfrog
  2057 | D:3      | Killed a bullfrog
  2058 | D:3      | Reached XP level 4. HP: 25/25 MP: 10/13
  2177 | D:3      | Found a runed translucent door.
  2178 | D:3      | Noticed Crazy Yiuf
  2431 | D:3      | Reached XP level 5. HP: 29/29 MP: 13/15
  2476 | D:3      | Reached skill level 6 in Spellcasting
  2917 | D:3      | Killed Crazy Yiuf
  3000 | D:4      | Reached skill level 1 in Evocations
  3004 | D:4      | Reached skill level 1 in Air Magic
  3128 | D:4      | Noticed Robin
  3136 | D:4      | Killed Robin
  3137 | D:4      | Reached skill level 1 in Poison Magic
  3555 | D:4      | Reached XP level 6. HP: 32/34 MP: 15/17
  3577 | D:4      | Noticed Grinder
  3577 | D:4      | HP: 1/34 [killer bee (7)]
  3578 | D:4      | Gained mutation: Your magical capacity is low. (-10% MP)
                  | [potion of mutation]
  3578 | D:4      | Gained mutation: You are somewhat resistant to further
                  | mutation. [potion of mutation]
  3579 | D:4      | Succumbed to a killer bee's poison

Illustrated notes

Levels and vault maps discovered:
D:1:      dpeg_arrival_radiant, layout_basic, minmay_tiny_reverse_x
D:2:      layout_basic, st_stairs_5
D:3:      layout_loops_cross, nicolae_overflow_crystal_walls, serial_undead,
          serial_undead_a, serial_undead_c, serial_undead_e, serial_undead_e,
          serial_undead_b, serial_undead_c, serial_undead_c, st_stairs_1,
          dreamdust_princess_corridor, reono_crystal_passage,
          uniq_crazy_yiuf_cottage
D:4:      layout_basic, nicolae_sif_muna_little_library, st_stairs_13,
          roderic_lattice_a, uniq_grinder, uniq_robin

Skill      XL: |  1  2  3  4  5 |
---------------+----------------+-----
Spellcasting   | 5 6 |  6.6
Conjurations   | 2 |  2.9
Fighting       | 1 |  1.2
Armour         | 1 |  1.0
Stealth        | 3 |  3.0
Dodging        | 3 |  3.0
Evocations     | 1 |  1.0
Air Magic      | 1 |  1.0
Poison Magic   | 1 |  1.0
Summonings     | |  1.2
Translocations | |  1.1

Action                     |  1- 3 |  4- 6 || total
---------------------------+-------+-------++-------
  Melee: Dagger            |     3 |       ||     3
         Spear             |     5 |    27 ||    32
   Cast: Magic Dart        |    88 |    48 ||   136
         Mephitic Cloud    |       |     3 ||     3
         Blink             |       |     1 ||     1
    Use: Potion            |       |     1 ||     1
   Stab: Sleeping          |       |     1 ||     1
 Armour: Robe              |     6 |     4 ||    10
  Dodge: Dodged            |     8 |    10 ||    18

Table legend: (Time is in decaauts)
 A = Elapsed time spent in this place.
 B = Non-inter-level travel time spent in this place.
 C = Inter-level travel time spent in this place.
 D = Time resting spent in this place.
 E = Time spent auto-exploring this place.
 F = Levels seen in this place.
 G = Mean time per level.
                   A        B        C        D        E       F      G
               +--------+--------+--------+--------+--------+-----+--------+
         Total |   3581 |   3503 |     78 |      9 |   3100 |   4 |  895.2 |
       Dungeon |   3581 |   3503 |     78 |      9 |   3100 |   4 |  895.2 |
               +--------+--------+--------+--------+--------+-----+--------+

Top non-repeatable levels by time:
     D:3: 1088 daAuts
     D:1: 998 daAuts
     D:2: 910 daAuts
     D:4: 584 daAuts
